 Dungeon Crawl Stone Soup version 0.27-a0-1299-g1ab19c6527 (webtiles) character file.

Game seed: 9960465088349235527

102 lmSkywalker the Chopper (level 4, -1/37 HPs)
             Began as a Palentonga Berserker on June 15, 2021.
             Was a Believer of Trog.
             Slain by Grinder (3 damage)
             ... on level 3 of the Dungeon on June 16, 2021.
             The game lasted 00:07:58 (2134 turns).

lmSkywalker the Chopper (Palentonga Berserker)      Turns: 2134, Time: 00:07:58

Health: -1/37      AC:  8    Str: 20    XL:     4   Next: 50%
Magic:  0/4        EV:  9    Int:  9    God:    Trog [**....]
Gold:   61         SH:  0    Dex:  9    Spells: 3/3 levels left

rFire    . . .     SeeInvis +   a - +0 hand axe
rCold    . . .     Faith    .   (no shield)
rNeg     . . .     Spirit   +   e - +0 acid dragon scales
rPois    .         Reflect  .   (no helmet)
rElec    .         Harm     .   (no cloak)
rCorr    +         Rampage  .   g - +1 pair of gloves
Will     .....                  (no barding)
Stlth    +.........             f - amulet of guardian spirit
HPRegen  0.12/turn              (no ring)
MPRegen  0.09/turn              (no ring)

@: on berserk cooldown, slowed, very slow
A: large, rugged brown scales 3, see invisible, deformed body, roll 1, armoured
tail
a: Rolling Charge, Renounce Religion, Berserk, Trog's Hand


You were on level 3 of the Dungeon.
You worshipped Trog.
Trog was pleased with you.
You visited 1 branch of the dungeon, and saw 3 of its levels.

You collected 61 gold pieces.

Inventory:

Hand Weapons
 a - a +0 hand axe (weapon)
Missiles
 i - 13 poisoned darts
Armour
 d - a +0 buckler
 e - +0 acid dragon scales (worn)
 g - a +1 pair of gloves (worn)
Jewellery
 f - an amulet of guardian spirit (around neck)
 l - a +6 ring of strength
Scrolls
 b - 3 scrolls of identify {unknown}
 h - a scroll of teleportation {unknown}
Potions
 c - a potion of might {unknown}
 j - 2 potions of curing {unknown}
 k - a potion of mutation {unknown}
 m - 3 potions of attraction {unknown}


   Skills:
 + Level 3.5 Fighting
 * Level 4.1 Axes
 + Level 2.1 Armour
 + Level 2.1 Dodging
 + Level 0.4 Shields


You had 3 spell levels left.
You didn't know any spells.
Your spell library was empty.

Dungeon Overview and Level Annotations

Branches:
Dungeon (3/15)

Altars:

Annotations:
D:3 2 transporters, 1 runed translucent door, Crazy Yiuf, Grinder


Innate Abilities, Weirdness & Mutations

You are completely covered in rugged brown scales. (AC +3, +7% HP)
You have supernaturally acute eyesight. (SInv)
Armour fits poorly on your strangely shaped body.
You can roll at nearby foes to attack.
You have a long armoured tail.


Message History

Pain shoots through your body!
You slash Grinder!
Grinder is moderately wounded.
Grinder hits you.
You writhe in agony.
You slash Grinder!
Grinder is heavily wounded.
Grinder blinks!
You feel a strong urge to attack something.
You are too berserk!
Okay, then.
You feel your anger nearly subside.
You are no longer berserk.
You are exhausted.
You feel yourself slow down.
You closely miss Grinder.
Grinder is heavily wounded.
Grinder hits you.
You writhe in agony.
Grinder gestures at you. Pain shoots through your body!
* * * LOW HITPOINT WARNING * * *
You are too injured to fight recklessly!
Your acid dragon scales prevents you from hitting Grinder.
Grinder is heavily wounded.
Grinder barely misses you.
You hit Grinder but do no damage.
Grinder is heavily wounded.
Grinder barely misses you. Grinder gestures at you.
You suddenly lose the ability to move!
Grinder hits you but does no damage. Grinder gestures at you.
You shrug off the repeated paralysis!
Grinder gestures at you. You resist with significant effort.
You can move again.
You hit Grinder.
Grinder is heavily wounded.
Grinder hits you.
* * * LOW HITPOINT WARNING * * *
You writhe in agony.
You die...

.......>.#
########.# #.# #.#
#.# #.# #.######
#.#
#......##########.#
#.####.@5.........#
##############


You could see Grinder.

Vanquished Creatures
  An iguana (D:2)
  An adder (D:2)
  A worm (D:2)
  A dart slug (D:1)
  3 bats
  4 endoplasms
  A goblin (D:1)
  4 hobgoblins
  18 jackals
  3 quokkas
  5 ball pythons
  4 frilled lizards
  6 kobolds
  4 rats
56 creatures vanquished.

Vanquished Creatures (others)
  5 plants (D:3)
5 creatures vanquished.

Grand Total: 61 creatures vanquished

Notes
Turn   | Place    | Note
-------+----------+-------------------------------------------
     0 | D:1      | lmSkywalker the Palentonga Berserker began the quest for
                  | the Orb.
     0 | D:1      | Reached XP level 1. HP: 19/19 MP: 1/1
   132 | D:1      | Reached XP level 2. HP: 25/25 MP: 2/2
   286 | D:1      | Reached XP level 3. HP: 31/31 MP: 3/3
   351 | D:1      | Reached ** piety under Trog
   718 | D:1      | Upgraded the game from 0.27-a0-1291-geefcff550b to
                  | 0.27-a0-1299-g1ab19c6527
  1101 | D:2      | Found a faded altar of an unknown god.
  1188 | D:2      | Reached XP level 4. HP: 36/37 MP: 4/4
  1301 | D:2      | Reached skill level 4 in Axes
  1951 | D:3      | Found a transporter.
  1952 | D:3      | Found a transporter.
  1975 | D:3      | Found a runed translucent door.
  1978 | D:3      | Noticed Crazy Yiuf
  2115 | D:3      | Noticed Grinder
  2118 | D:3      | Paralysed by Grinder for 3 turns
  2130 | D:3      | Paralysed by Grinder for 4 turns
  2134 | D:3      | Slain by Grinder

Illustrated notes

Levels and vault maps discovered:
D:1:      ncdulo_smallfort, layout_rooms
D:2:      layout_loops_cross, hellmonk_ecumenical_altar_slurped_away,
          grunt_ministairs_4
D:3:      layout_loops_ring, gammafunk_ghost_gnarly_gnolls, uniq_grinder,
          uniq_robin, uniq_crazy_yiuf_cottage

Skill      XL: |  1  2  3  4 |
---------------+-------------+-----
Armour         | 2 |  2.1
Dodging        | 2 |  2.1
Axes           | 4 |  4.1
Fighting       | |  3.5
Shields        | |  0.4

Action                   |  1- 3 |  4- 6 || total
-------------------------+-------+-------++-------
Melee: Hand axe          |   128 |    35 ||   163
       Tailslap          |     6 |     3 ||     9
Invok: Berserk           |     6 |     1 ||     7
 Abil: Rolling Charge    |    20 |     6 ||    26
Armor: Animal skin       |    17 |       ||    17
       Acid dragon scale |    50 |    11 ||    61
Dodge: Dodged            |    37 |     8 ||    45

Table legend: (Time is in decaauts)
 A = Elapsed time spent in this place.
 B = Non-inter-level travel time spent in this place.
 C = Inter-level travel time spent in this place.
 D = Time resting spent in this place.
 E = Time spent auto-exploring this place.
 F = Levels seen in this place.
 G = Mean time per level.
                   A        B        C        D        E       F      G
               +--------+--------+--------+--------+--------+-----+--------+
         Total |   2204 |   2148 |     56 |    217 |   1301 |   3 |  734.7 |
       Dungeon |   2204 |   2148 |     56 |    217 |   1301 |   3 |  734.7 |
               +--------+--------+--------+--------+--------+-----+--------+

Top non-repeatable levels by time:
     D:2: 1188 daAuts
     D:1: 770 daAuts
     D:3: 245 daAuts
